 Dungeon Crawl Stone Soup version 0.26-a0-752-gcff87cac9a (webtiles) character file.

Game seed: 1401266633826537129

83 robertstho the Vexing (level 4, 0/41 HPs)
             Began as a Troll Arcane Marksman on Nov 6, 2020.
             Slain by Crazy Yiuf
             ... wielding a +2 quarterstaff of chaos
              (20 damage)
             ... on level 2 of the Dungeon.
             The game lasted 00:01:19 (868 turns).

robertstho the Vexing (Troll Arcane Marksman)        Turns: 868, Time: 00:01:20

Health: 0/41       AC:  6    Str: 18    XL:     4   Next: 22%
Magic:  4/4        EV: 10    Int: 10    God:
Gold:   69         SH:  0    Dex: 10    Spells: 4/5 levels left

rFire    . . .     SeeInvis .     - Unarmed
rCold    . . .     Faith    .   (no shield)
rNeg     . . .     Spirit   .   a - +0 robe
rPois    .         Reflect  .   (helmet restricted)
rElec    .         Harm     .   (no cloak)
rCorr    .         Rampage  .   (gloves unavailable)
MR       .....                  (boots unavailable)
Stlth    +.........             (no amulet)
HPRegen  0.53/turn              (no ring)
MPRegen  0.09/turn              (no ring)

@: no status effects
A: large, unfitting armour, claws 3, regeneration 1, shaggy fur 1, tough skin 3
a: no special abilities


You were on level 2 of the Dungeon.
You visited 1 branch of the dungeon, and saw 2 of its levels.

You collected 69 gold pieces.

Inventory:

Missiles
 c - 4 large rocks (quivered)
 d - 2 throwing nets
Armour
 a - a +0 robe (worn)
Scrolls
 b - 5 scrolls of identify {unknown}
 e - a scroll of amnesia {unknown}
 f - a scroll of fear {unknown}
 g - a scroll of blinking {unknown}
 j - a scroll of remove curse {unknown}
Potions
 h - a potion of might {unknown}
 i - a potion of degeneration {unknown}


   Skills:
 * Level 1.4 Fighting
 * Level 2.3 Throwing
 + Level 2.0 Dodging
 + Level 1.4 Unarmed Combat
 + Level 1.1 Spellcasting
 + Level 2.4 Hexes


You had 4 spell levels left.
You knew the following spells:

 Your Spells              Type           Power        Failure   Level
a - Corona                Hex            #......      13%         1

Your spell library contained the following spells:

 Spells                   Type           Power        Failure   Level
 Slow                     Hex            #.......     19%         2
 Inner Flame              Hex/Fire       #.......     52%         3
 Portal Projectile        Hex/Tloc       #.....       52%         3
 Cause Fear               Hex            #.........   77%         4
 Leda's Liquefaction      Hex/Erth       #.........   90%         4


Dungeon Overview and Level Annotations

Branches:
Dungeon (1/15)

Altars:

Annotations:
D:2 Crazy Yiuf


Innate Abilities, Weirdness & Mutations

You are too large for most types of armour.
You have claws for hands.
Your natural rate of healing is unusually fast.
You are covered in fur. (AC +1)
You have extremely tough skin. (AC +3)


Message History

Crazy Yiuf hits you with a +2 quarterstaff of chaos.
Crazy Yiuf draws strength from your wounds!
You scratch Crazy Yiuf.
Crazy Yiuf is moderately wounded.
Crazy Yiuf drinks a potion.
Crazy Yiuf flickers and vanishes!
Deactivating autopickup; reactivate with Ctrl-A.
You miss something. You barely miss something. Something hits you.
Something freezes you.
You miss something. Something hits you!
You closely miss something. Your claw misses something. Something hits you.
Something freezes you.
You claw something! Something hits you! Something burns you.
* * * LOW HITPOINT WARNING * * *
You scratch something but do no damage. Something hits you.
* * * LOW HITPOINT WARNING * * *
You scratch something. Something hits you but does no damage.
It was a potion of curing.
You feel better. Something hits you!
* * * LOW HITPOINT WARNING * * *
You feel better. Something hits you.
You are electrocuted!!
You die...

.##.#
#.......#...........#.#
.##.#
#.##############.|..#.#
.##.# #.#<# #....#.#
.##.# #...# #####
#....#.# # .##.########
#)..# #....#.# #
.##........# #...#
#......# # ############
... ######## # #{#
#......## # #@##
###.....# # ##.#
#.##..#### #.##
#.##...... ##.#
#.##..##.. ##.##
#.###.##.# ##...# ###.#
#.##.# #....# #...#
#.##.# #....# #.###
#.##.# #....###.#
#....#


There were no monsters in sight!

Vanquished Creatures
  Jessica (D:2)
  2 adders (D:2)
  3 worms (D:2)
  A dart slug (D:2)
  A leopard gecko (D:2)
  A ball python (D:1)
  2 giant cockroaches
  2 goblins (D:2)
  2 hobgoblins (D:2)
  3 kobolds (D:2)
  2 quokkas (D:2)
  3 bats
  2 frilled lizards (D:2)
  3 rats (D:2)
28 creatures vanquished.

Notes
Turn   | Place    | Note
-------+----------+-------------------------------------------
     0 | D:1      | robertstho the Troll Arcane Marksman began the quest for
                  | the Orb.
     0 | D:1      | Reached XP level 1. HP: 18/18 MP: 1/1
   126 | D:1      | You fall into a shaft and drop 1 floor!
   131 | D:2      | Reached skill level 1 in Fighting
   213 | D:2      | Reached XP level 2. HP: 27/27 MP: 2/2
   347 | D:2      | Reached XP level 3. HP: 33/33 MP: 3/3
   588 | D:2      | Noticed Jessica
   593 | D:2      | Killed Jessica
   593 | D:2      | Reached skill level 1 in Unarmed Combat
   593 | D:2      | Reached XP level 4. HP: 41/41 MP: 4/4
   853 | D:2      | Found a runed translucent door.
   854 | D:2      | Noticed Crazy Yiuf
   868 | D:2      | Slain by Crazy Yiuf

Illustrated notes

Levels and vault maps discovered:
D:1:      kilobyte_arrival_exit_the_forest, layout_loops_ring
D:2:      layout_basic, uniq_jessica, uniq_crazy_yiuf_cottage

Skill      XL: |  1  2  3 |
---------------+----------+-----
Fighting       | 1 |  1.4
Throwing       | 2 |  2.3
Dodging        | 2 |  2.0
Unarmed Combat | 1 |  1.4
Spellcasting   | |  1.1
Hexes          | |  2.4

Action                   |  1- 3 |  4- 6 || total
-------------------------+-------+-------++-------
Melee: Unarmed           |    70 |    24 ||    94
       Punch             |       |     1 ||     1
 Cast: Corona            |     1 |       ||     1
  Use: Potion            |       |     2 ||     2
Armor: Robe              |    23 |     2 ||    25
Dodge: Dodged            |    26 |     9 ||    35

Table legend: (Time is in decaauts)
 A = Elapsed time spent in this place.
 B = Non-inter-level travel time spent in this place.
 C = Inter-level travel time spent in this place.
 D = Time resting spent in this place.
 E = Time spent auto-exploring this place.
 F = Levels seen in this place.
 G = Mean time per level.
                   A        B        C        D        E       F      G
               +--------+--------+--------+--------+--------+-----+--------+
         Total |    867 |    867 |      0 |      0 |    687 |   2 |  433.5 |
       Dungeon |    867 |    867 |      0 |      0 |    687 |   2 |  433.5 |
               +--------+--------+--------+--------+--------+-----+--------+

Top non-repeatable levels by time:
     D:2: 740 daAuts
     D:1: 127 daAuts
